 Dungeon Crawl Stone Soup version 0.31-a0-237-g2d982f9f85 (webtiles) character file.

Game seed: 832096370352462543

67 qw the Shooter (level 4, -2/36 HPs)
             Began as a Minotaur Hexslinger on July 11, 2023.
             Slain by an orc wizard
             ... wielding a +1 dagger of pain
              (3 damage)
             ... on level 2 of the Dungeon.
             The game lasted 00:00:37 (1987 turns).

qw the Shooter (Minotaur Hexslinger)                Turns: 1987, Time: 00:00:38

Health: -2/36      AC:  6    Str:  9 (12) XL:     4   Next: 0%
Magic:  0/4        EV: 10    Int:  9 (10) God:
Gold:   118        SH:  0    Dex: 12 (15) Spells: 4/5 levels left

rFire   . . .        Y - +1 sling
rCold   . . .        (no shield)
rNeg    . . .        m - +0 ring mail
rPois   .            (helmet restricted)
rElec   .            (no cloak)
rCorr   .            f - +0 pair of gloves
SInv    .            (no boots)
Will    .....        e - amulet of guardian spirit Stlth
                     (no ring)
HPRegen 0.26/turn    (no ring)
MPRegen 0.09/turn

%: guardian spirit
@: confused
A: horns 2, retaliatory headbutt
a: no special abilities


You were on level 2 of the Dungeon.
You visited 1 branch of the dungeon, and saw 3 of its levels.

You collected 118 gold pieces.


Innate Abilities, Weirdness & Mutations

You have a pair of horns on your head.
You reflexively headbutt those who attack you in melee.


   Skills:
 - Level 2.0 Fighting
 - Level 4.3 Ranged Weapons
 + Level 0.9 Armour
 - Level 2.1 Dodging
 - Level 1.0 Spellcasting
 - Level 2.0 Hexes


You had 4 spell levels left.
You knew the following spells:

 Your Spells              Type           Power      Damage    Failure   Level
a - Slow                  Hex            16%        N/A       41%         1

Your spell library contained the following spells:

 Spells                   Type           Power      Damage    Failure   Level
 Inner Flame              Hex/Fire       2%         N/A       90%         3
 Portal Projectile        Hex/Tloc       4%         N/A       90%         3
 Cause Fear               Hex            2%         N/A       99%         4

Inventory:

Hand Weapons
 Y - a +1 sling (weapon)
Armour
 f - a +0 pair of gloves (worn)
 m - a +0 ring mail (worn)
Jewellery
 e - an amulet of guardian spirit (around neck)
Potions
 a - a potion of might {unknown}
 d - a potion of brilliance {unknown}
 h - a potion of heal wounds {unknown}
 i - a potion of mutation {unknown}
 j - a potion of resistance {unknown}
 l - a potion of lignification {unknown}

Dungeon Overview and Level Annotations

Branches:
Dungeon (3/15)

Altars:


Message History

The orc hits you with a +0 war axe.
The orc wizard hits you but does no damage.
You writhe in agony.
You climb upwards.
There is a stone staircase leading down here.
You shoot a sling bullet. The sling bullet hits the orc.
The orc is heavily wounded.
The orc hits you with a +0 war axe. The orc wizard barely misses you.
You shoot a sling bullet. The sling bullet hits the orc.
You kill the orc!
The orc wizard hits you with a +1 dagger of pain.
The orc wizard closely misses you.
You have reached level 4!
You feel agile.
You shoot a sling bullet. The sling bullet hits the orc wizard.
The orc wizard is moderately wounded.
The orc wizard barely misses you. You furiously retaliate!
You headbutt the orc wizard! You shoot a sling bullet.
The sling bullet closely misses the orc wizard.
The orc wizard points at you and mumbles some strange words.
The puff of flame hits you.
You shoot a sling bullet. The sling bullet hits the orc wizard.
The orc wizard is almost dead.
The orc wizard casts a spell at you. The magic dart hits you.
The orc wizard hits you but does no damage.
You shoot a sling bullet.
The sling bullet hits the orc wizard but does no damage.
The orc wizard is almost dead.
The orc wizard gestures wildly while chanting.
The orc wizard flickers and vanishes!
Deactivating autopickup; reactivate with Ctrl-A.
You shoot a sling bullet.
You hear some strange, mumbled words.
You are confused.
You shoot a sling bullet.
You hear some strange, mumbled words.
A puff of flame appears from out of thin air!
The puff of flame hits you. Something hits you.
You die...

#.#.#.##...........#.#.##.##.#.#
....#..............#.#.##....#.#
#.#.#.##...........#.#.#######.#
..#...##.....................#.#
....#.##.....#+#+#...........#.#
..#.#........#.#.'.............##
......##.....#.###...............
.##.#.##.....#.###...........####
.[.......###.#.#@{............# #
#.###.##.....#.#)############.# #
...............#.###### #.# #
###.####.......#.#....# #.# #
###.####.........#.##.# #.# #
.................#.##.# #.# #
###................##.# #.# #
###........^.#.####.# #.# #
#..........#.# #.# #.# #


There were no monsters in sight!

Vanquished Creatures
  3 adders (D:2)
  3 dart slugs
  4 orcs
  3 ball pythons
  An endoplasm (D:1)
  2 giant cockroaches (D:1)
  4 hobgoblins (D:2)
  A quokka (D:2)
  3 bats (D:2)
  2 frilled lizards (D:2)
  3 goblins (D:1)
  A rat (D:1)
30 creatures vanquished.

Notes
Turn   | Place    | Note
-------+----------+-------------------------------------------
     0 | D:1      | qw the Minotaur Hexslinger began the quest for the Orb.
     0 | D:1      | Reached XP level 1. HP: 16/16 MP: 1/1
     0 | D:1      | 0 ||| qw: Version: 0.3-a-52-g30416fa
     0 | D:1      | 0 ||| qw: Game counter: 5819
     0 | D:1      | 0 ||| qw: Melee chars always use a shield: true
     0 | D:1      | 0 ||| qw: God list: Okawaru
     0 | D:1      | 0 ||| qw: Allow faded altars: false
     0 | D:1      | 0 ||| qw: Do Orc after clearing Dungeon:15 true
     0 | D:1      | 0 ||| qw: Do second Lair branch before Depths: true
     0 | D:1      | 0 ||| qw: Lair rune preference: random
     0 | D:1      | 0 ||| qw: Goals: Normal
     0 | D:1      | 0 ||| PLANNING D:1-11
   345 | D:1      | Reached skill level 3 in Ranged Weapons
   345 | D:1      | Reached XP level 2. HP: 21/23 MP: 2/2
   668 | D:1      | 668 ||| UPGRADING to amulet of guardian spirit.
   673 | D:1      | 673 ||| READING scroll labelled LIH NAFIBESO.
   677 | D:1      | 677 ||| READING scroll labelled QEOS VEMUMN.
   678 | D:1      | 678 ||| READING scroll labelled TONOM GAMAW.
   679 | D:1      | 679 ||| DRINKING 2 white potions.
   784 | D:1      | 784 ||| DROPPING scroll of poison.
   785 | D:1      | 785 ||| DROPPING potion of berserk rage.
  1256 | D:2      | Reached XP level 3. HP: 29/29 MP: 3/3
  1424 | D:2      | Reached skill level 4 in Ranged Weapons
  1776 | D:2      | 1776 ||| UPGRADING to +0 leather armour.
  1786 | D:2      | 1786 ||| DROPPING +0 robe.
  1787 | D:2      | 1787 ||| UPGRADING to +0 pair of gloves.
  1792 | D:2      | 1792 ||| UPGRADING to +0 ring mail.
  1802 | D:2      | 1802 ||| DROPPING +0 leather armour.
  1803 | D:2      | 1803 ||| READING scroll labelled CINEARRUACK.
  1804 | D:2      | 1804 ||| DRINKING 2 purple potions.
  1805 | D:2      | 1805 ||| DROPPING potion of degeneration.
  1859 | D:3      | 1859 ||| FLEEEEING.
  1860 | D:3      | 1860 ||| FLEEEEING.
  1861 | D:3      | 1861 ||| FLEEEEING.
  1862 | D:3      | 1862 ||| FLEEEEING.
  1864 | D:3      | 1864 ||| FLEEEEING.
  1865 | D:3      | 1865 ||| FLEEEEING.
  1866 | D:3      | 1866 ||| FLEEEEING.
  1868 | D:3      | HP: 4/29 [something/puff of flame (7)]
  1869 | D:3      | 1869 ||| FLEEEEING.
  1870 | D:3      | 1870 ||| FLEEEEING.
  1871 | D:3      | 1871 ||| FLEEEEING.
  1872 | D:3      | 1872 ||| FLEEEEING.
  1873 | D:3      | 1873 ||| FLEEEEING.
  1874 | D:3      | 1874 ||| FLEEEEING.
  1875 | D:3      | 1875 ||| FLEEEEING.
  1876 | D:3      | 1876 ||| FLEEEEING.
  1877 | D:3      | 1877 ||| FLEEEEING.
  1878 | D:3      | 1878 ||| STAIRDANCE
  1978 | D:3      | 1978 ||| STAIRDANCE
  1982 | D:2      | Reached XP level 4. HP: 11/36 MP: 1/4
  1983 | D:2      | HP: 7/36 [orc wizard/puff of flame (5)]
  1984 | D:2      | HP: 3/36 [orc wizard/magic dart (4)]
  1987 | D:2      | HP: 1/36 [something/puff of flame (3)]
  1987 | D:2      | Slain by an orc wizard

Levels and vault maps discovered:
D:1:      minmay_arrival_up_and_down, layout_loops_ring, grunt_decor_fettered
D:2:      layout_basic, minmay_diced_spiral
D:3:      layout_loops_ring, mainiacjoe_overflow_boulevard,
          gammafunk_temple_overflow_arena,
          mainiacjoe_overflow_concentric_impassable, uniq_ijyb, uniq_robin

Skill      XL: |  1  2  3 |
---------------+----------+-----
Ranged Weapons | 3 4 |  4.3
Fighting       | 2 |  2.0
Armour         | |  0.9
Dodging        | |  2.1
Spellcasting   | |  1.0
Hexes          | |  2.0

Action                     |  1- 3 |  4- 6 || total
---------------------------+-------+-------++-------
   Fire: Sling             |   106 |     6 ||   112
    Use: Scroll            |     4 |       ||     4
         Potion            |     2 |       ||     2
 Armour: Robe              |     6 |       ||     6
         Ring mail         |     7 |     1 ||     8
  Dodge: Dodged            |    32 |     1 ||    33

Table legend:
 A = Non-vault XP
 B = Vault XP
 C = Vault XP percentage of total XP
 D = Non-vault monster count
 E = Vault monster count
 F = Vault count percentage of total count
                 A         B        C        D         E       F
            +---------+---------+-------+---------+---------+-------
      Total |      87 |      10 |  10.3 |      26 |       4 |  13.3
            +---------+---------+-------+---------+---------+-------
        D:1 |      24 |       0 |   0.0 |      11 |       0 |   0.0
        D:2 |      54 |      10 |  15.6 |      12 |       4 |  25.0
        D:3 |       9 |       0 |   0.0 |       3 |       0 |   0.0
            +---------+---------+-------+---------+---------+-------
